 Dungeon Crawl Stone Soup version 0.18-a0-844-g9229740 (webtiles) character file.

369 M4edhros the Sneak (level 6, -4/38 HPs)
             Began as an Octopode Artificer on Dec 18, 2015.
             Killed by divine providence
             ... invoked by an orc priest
              (16 damage)
             ... on level 4 of the Dungeon.
             The game lasted 00:04:17 (2030 turns).

M4edhros the Sneak (Octopode Artificer)             Turns: 2030, Time: 00:04:18

Health: -4/38      AC:  1    Str: 10    XL:     6   Next: 70%
Magic:  9/9        EV: 14    Int: 16    God:
Gold:   111        SH:  0    Dex: 13    Spells: 0 memorised, 5 levels left

rFire  . . .     SeeInvis .     a - +0 short sword
rCold  . . .     Gourm    .     (no shield)
rNeg   . . .     Faith    .     (helmet restricted)
rPois  .         Spirit   .     e - amulet of regeneration
rElec  .         Dismiss  .     h - ring of loudness (curse)
rCorr  .         Reflect  .     (no ring)
SustAt .         Harm     .     (no ring)
MR     .....                    (no ring)
Stlth  +++.......               (no ring)
                                (no ring)
                                (no ring)
                                (no ring)

@: not resistant to hostile enchantments, fairly stealthy
A: almost no armour, amphibious, 8 rings, constrict 8, camouflage 1, gelatinous
body 1
a: no special abilities


You were on level 4 of the Dungeon.
You were very hungry.

You visited 1 branch of the dungeon, and saw 4 of its levels.

You collected 111 gold pieces.

Inventory:

Hand Weapons
 a - a +0 short sword (weapon)
Missiles
 i - 65 stones (quivered)
Jewellery
 e - an amulet of regeneration (around mantle)
 h - a cursed ring of loudness (left tentacle)
Wands
 b - a wand of flame (9)
 c - a wand of enslavement (6)
 d - a wand of random effects (2)
Scrolls
 m - a scroll of identify {unknown}
 n - a scroll of teleportation {unknown}
 o - a scroll of fear {unknown}
Potions
 j - a potion of poison {unknown}
 k - a potion of agility
 l - a potion of heal wounds {unknown}
Comestibles
 f - 2 bread rations
 g - 3 meat rations


   Skills:
 - Level 1.0 Fighting
 - Level 1.0 Short Blades
 * Level 4.8 Dodging
 * Level 5.5 Stealth
 + Level 4.7 Evocations


You had 5 spell levels left.
You didn't know any spells.

Dungeon Overview and Level Annotations

Branches:
Dungeon (4/15)
 Temple: D:4-7

Altars:
Okawaru
Ru


Innate Abilities, Weirdness & Mutations

You cannot wear most types of armour.
You are amphibious.
You can wear up to eight rings at the same time.
You can use your tentacles to constrict eight enemies at once.
Your skin changes colour to match your surroundings (Stealth).
Your rubbery body absorbs attacks (AC +1).


Message History

You constrict the orc priest.
You hit the orc priest but do no damage.
The orc priest is lightly wounded.
You constrict the orc priest.
The orc priest mumbles some strange prayers to Beogh against you.
Pain shoots through your body!
* * * LOW HITPOINT WARNING * * *
You hit the orc priest.
The orc priest is heavily wounded.
You constrict the orc priest. The orc priest closely misses you.
You hit the orc priest but do no damage.
Your squeeze misses the orc priest.
The orc priest is heavily wounded.
You constrict the orc priest. The orc priest closely misses you.
You hit the orc priest but do no damage.
The orc priest is severely wounded.
You constrict the orc priest, but do no damage.
The orc priest mumbles some strange prayers to Beogh against you.
Something smites you!
You die...

.)...................
####.#............... ##
...#.#.###...........##.####
...#....#.............#....#.#
...###..###..########...##.#.###
.................................
#.#####.####.....................
..#####.# #..)..................
........####....@o...)...........
.................)...)...........
....................))...........
.................................
........#####....................
........# #....................
######### #.................... #
#.................... #
#....................


You could see an orc priest.

Vanquished Creatures
  The ghost of root the Skirmisher, an amateur HOAK of Lugonu (D:4)
  A scorpion (D:4)
  A hound (D:4)
  2 orc wizards (D:4)
  A worker ant (D:4)
  3 adders
  A worm (D:4)
  3 giant geckos
  7 orcs
  2 giant cockroaches
  2 goblins
  5 hobgoblins
  4 jackals (D:1)
  4 kobolds
  A ball python (D:4)
  A bat (D:1)
  A giant newt (D:1)
  4 rats
44 creatures vanquished.

Vanquished Creatures (collateral kills)
  A hound (D:4)
  An adder (D:4)
2 creatures vanquished.

Vanquished Creatures (others)
  An ogre (D:4)
  An orc (D:4)
2 creatures vanquished.

Grand Total: 48 creatures vanquished

Notes
Turn   | Place    | Note
--------------------------------------------------------------
     0 | D:1      | M4edhros the Octopode Artificer began the quest for the Orb.
     0 | D:1      | Reached XP level 1. HP: 13/13 MP: 3/3
    66 | D:1      | Reached XP level 2. HP: 13/18 MP: 4/4
   216 | D:2      | Reached XP level 3. HP: 23/23 MP: 5/5
   505 | D:2      | Found an iron altar of Okawaru.
   549 | D:3      | Found a sacrificial altar of Ru.
   950 | D:4      | Noticed a scorpion
  1286 | D:4      | Noticed root's ghost (amateur HOAK)
  1401 | D:4      | Reached XP level 4. HP: 17/28 MP: 6/6
  1697 | D:4      | Noticed an ogre
  1706 | D:4      | Reached skill level 4 in Evocations
  1706 | D:4      | Reached XP level 5. HP: 21/33 MP: 6/8
  1719 | D:4      | Reached XP level 6. HP: 26/38 MP: 7/9
  1753 | D:4      | Reached skill level 5 in Stealth
  1801 | D:4      | Killed root's ghost
  2030 | D:4      | Killed from afar by an orc priest

Vault maps used:
D:1:      sevenhm_arrival_forest_fort_small_4
D:2:      grunt_gozag_breadcrumbs, nicolae_overflow_hidden_temple
D:3:      nicolae_ru_sacrificial_ziggurat, gammafunk_temple_overflow_wave,
          minivault_4, hangedman_decor_push, uniq_grinder
D:4:      kennysheep_small_square

Action                   |  1- 3 |  4- 6 || total
-------------------------+-------+-------++-------
Melee: Short sword       |    66 |    38 ||   104
Evoke: Wand              |     3 |    25 ||    28
  Use: Potion            |     1 |     1 ||     2
       Scroll            |     1 |       ||     1
 Stab: Sleeping          |     9 |     1 ||    10
  Eat: Chunk             |       |     2 ||     2
